 Dungeon Crawl Stone Soup version 0.24-a0-446-g87df7205b4 (webtiles) character file.

Game seed: 9434967630039582886

203 Gargoyl the Skirmisher (level 5, -6/46 HPs)
             Began as a Centaur Abyssal Knight on June 24, 2019.
             Was a Believer of Lugonu.
             Killed by divine providence
             ... invoked by an orc priest
              (8 damage)
             ... on level 4 of the Dungeon.
             The game lasted 00:05:22 (2910 turns).

Gargoyl the Skirmisher (Centaur Abyssal Knight)     Turns: 2910, Time: 00:05:23

Health: -6/46      AC: 11    Str: 17    XL:     5   Next: 51%
Magic:  7/7        EV:  3    Int: 11    God:    Lugonu [**....]
Gold:   112        SH:  0    Dex:  9    Spells: 4/4 levels left

rFire    . . .     SeeInvis .   b - +1 flail of Equivalence {holy, +Rage rPois Str+2}
rCold    . . .     Gourm    .   (no shield)
rNeg     . . .     Faith    .   d - +0 plate armour
rPois    +         Spirit   .   (no helmet)
rElec    .         Reflect  .   (no cloak)
rCorr    .         Harm     .   (no gloves)
MR       .....                  (no barding)
Stlth    ..........             (no amulet)
HPRegen  0.15/turn              (no ring)
MPRegen  0.10/turn              (no ring)

@: lethally poisoned (-6 -> -7), very quick
A: large, hooves 3, molten scales 1, blurry vision 1, deformed body, speed 2,
tough skin 3
a: Depart the Abyss, Bend Space, Renounce Religion, Evoke Berserk Rage


You were on level 4 of the Dungeon.
You worshipped Lugonu.
Lugonu was pleased with you.
You were not hungry.

You visited 1 branch of the dungeon, and saw 4 of its levels.
You visited the Abyss 1 time.

You collected 112 gold pieces.

Inventory:

Hand Weapons
 a - a +2 hand axe
 b - the +1 flail of Equivalence (weapon) {holy, +Rage rPois Str+2}
   (You found it on level 2 of the Abyss)

   It has been blessed by the Shining One to cause great damage to the undead
   and demons.
   It affects your strength (+2).
   It protects you from poison.
   It lets you go berserk.
Armour
 d - a +0 plate armour (worn)
Scrolls
 f - a scroll of identify
Potions
 g - 3 potions of agility
 i - a potion of might {unknown}
 j - a potion of degeneration {unknown}
 k - a potion of lignification {unknown}
Comestibles
 c - 5 rations
 h - 2 chunks of flesh


   Skills:
 + Level 3.7 Fighting
 + Level 1.9(2.3) Axes
 + Level 1.8(2.3) Maces & Flails
 * Level 2.6 Armour
 * Level 1.4 Dodging
 * Level 3.2 Invocations


You had 4 spell levels left.
You didn't know any spells.
Your spell library contained the following spells:

 Spells                   Type           Power        Failure   Level  Hunger
 Magic Dart               Conj           #...         100%        1    ##.....
 Blink                    Tloc           N/A          100%        2    ###....
 Call Imp                 Summ           #.......     100%        2    ###....
 Slow                     Hex            #.......     100%        2    ###....
 Conjure Flame            Conj/Fire      #.......     100%        3    ####...
 Mephitic Cloud           Conj/Pois/Air  #.......     100%        3    ####...


Dungeon Overview and Level Annotations

Branches:
Dungeon (4/15)
 Temple: D:4-7

Altars:
Nemelex Xobeh
Ru


Innate Abilities, Weirdness & Mutations

You have hooves in place of feet.
Armour fits poorly on your strangely shaped body.
You cover ground very quickly.
You have extremely tough skin. (AC +3)
You are partially covered in molten scales. (AC +2)
Scrolls take you a little longer to read.


Message History

Your plate armour prevents you from hitting the orc priest.
You kick the orc priest.
The orc priest is heavily wounded.
You feel sick.
The orc priest hits you with a +2 dagger of venom.
Unknown command.
You hit the orc priest. You kick the orc priest.
The orc priest is severely wounded.
The orc priest miscasts a cantrip.
The orc priest invokes the aid of Beogh against you.
Pain shoots through your body!
* * * LOW HITPOINT WARNING * * *
Unknown command.
Your plate armour prevents you from hitting the orc priest.
The orc priest is severely wounded.
* * * LOW HITPOINT WARNING * * *
You feel sick.
The orc priest calls down the wrath of Beogh upon you.
Beogh smites you!
You die...

#>..÷#####........
##.#o÷............
#.#S##.###.......
#......# ......)
###S#### #######
#......# #.#.##.#
#.#....#
##########.# #
###.S#
#oo@.......#
#.###..#
#o##########
#.[....####.#
#####..S....#
#########


You could see 2 orc priests and an orc.

Vanquished Creatures
  A gnoll sergeant (D:3)
  An orc wizard (D:2)
  2 gnolls
  4 adders
  A worm (D:2)
  A dart slug (D:2)
  2 orcs
  6 bats
  7 goblins
  9 hobgoblins
  8 kobolds
  A ball python (D:2)
  3 frilled lizards
  5 rats
51 creatures vanquished.

Notes
Turn   | Place    | Note
-------+----------+-------------------------------------------
     0 | Abyss:1  | Gargoyl the Centaur Abyssal Knight began the quest for the
                  | Orb.
     0 | Abyss:1  | Reached XP level 1. HP: 19/19 MP: 2/2
   159 | Abyss:2  | Noticed an orc sorcerer
   202 | Abyss:2  | Found a corrupted altar of Lugonu.
   226 | Abyss:2  | Gained mutation: Scrolls take you a little longer to read.
                  | [potion of mutation]
   226 | Abyss:2  | Gained mutation: You are partially covered in molten
                  | scales. (AC +2) [potion of mutation]
   236 | Abyss:2  | Noticed a large abomination
   241 | Abyss:2  | Noticed a shadow dragon zombie
   282 | Abyss:2  | Got a steaming flail
   283 | Abyss:2  | Identified the +1 flail of Equivalence {holy, +Rage rPois
                  | Str+2} (You found it on level 2 of the Abyss)
   290 | Abyss:2  | Noticed a raiju
   309 | Abyss:2  | Noticed a thrashing horror
   323 | Abyss:3  | Noticed a large abomination
   323 | D:1      | Escaped the Abyss
   603 | D:1      | Reached * piety under Lugonu
   781 | D:1      | Reached XP level 2. HP: 17/26 MP: 3/3
  1478 | D:2      | Found a sparkling altar of Nemelex Xobeh.
  1485 | D:2      | Reached XP level 3. HP: 29/31 MP: 4/4
  1677 | D:2      | Reached skill level 1 in Dodging
  1994 | D:2      | Found a sacrificial altar of Ru.
  2003 | D:2      | Reached skill level 1 in Maces & Flails
  2003 | D:2      | Reached XP level 4. HP: 38/39 MP: 6/6
  2628 | D:3      | Noticed a gnoll sergeant
  2778 | D:3      | Killed a gnoll sergeant
  2778 | D:3      | Reached XP level 5. HP: 28/46 MP: 7/7
  2791 | D:4      | Reached ** piety under Lugonu
  2910 | D:4      | HP: 2/46 [poisoned by an orc priest]
  2910 | D:4      | Killed from afar by an orc priest

Levels and vault maps discovered:
D:1:      lemuel_arrival_rhombus, layout_basic, serial_bayou_ford_a,
          minmay_vboxes
D:2:      layout_loops_ring, nicolae_ru_great_annihilating_truth,
          nemelex_xobeh_ov_fountains_minmay, serial_bayou, serial_bayou_shore_b,
          serial_bayou_crossing, serial_bayou_pond_b, serial_bayou_shore_a,
          serial_bayou_lagoon_a
D:3:      layout_loops_corners, first_ration, uniq_natasha, uniq_robin
D:4:      layout_loops_cross, overflow_temple_1_default, minmay_splitting_lines,
          dk_xom_monty_hall, uniq_grinder

Skill      XL: |  1  2  3  4 |
---------------+-------------+-----
Dodging        | 1 |  1.4
Maces & Flails | 1 |  1.8
Armour         | 2 |  2.6
Invocations    | 3 |  3.2
Fighting       | |  3.7
Axes           | |  1.9

Action                   |  1- 3 |  4- 6 || total
-------------------------+-------+-------++-------
Melee: Flail             |   102 |    65 ||   167
       Kick              |    18 |    17 ||    35
Invok: Depart the Abyss  |     1 |       ||     1
  Use: Potion            |     2 |     1 ||     3
       Scroll            |     7 |     1 ||     8
  Eat: Chunk             |     2 |     3 ||     5
Armor: Plate armour      |   112 |    61 ||   173
Dodge: Dodged            |    14 |     7 ||    21

Table legend:
 A = Non-vault XP
 B = Vault XP
 C = Vault XP percentage of total XP
 D = Non-vault monster count
 E = Vault monster count
 F = Vault count percentage of total count
                 A         B        C        D         E       F
            +---------+---------+-------+---------+---------+-------
      Total |     231 |      60 |  20.6 |      39 |      12 |  23.5
            +---------+---------+-------+---------+---------+-------
        D:1 |      24 |       8 |  25.0 |      15 |       5 |  25.0
        D:2 |      58 |      52 |  47.3 |      16 |       7 |  30.4
        D:3 |     106 |       0 |   0.0 |       4 |       0 |   0.0
        D:4 |      43 |       0 |   0.0 |       4 |       0 |   0.0
            +---------+---------+-------+---------+---------+-------
